 Dungeon Crawl Stone Soup version 0.29.0-11-gd7f09526c8 (webtiles) character file.

Game seed: 5868317202614101756

12843 unlimited1921 the Thaumaturge (level 12, -17/71 HPs)
             Began as a Djinni Fire Elementalist on Sept 5, 2022.
             Was an Initiate of Gozag.
             Demolished by a centaur warrior simulacrum (36 damage)
             ... on level 10 of the Dungeon.
             The game lasted 01:23:00 (18393 turns).

unlimited1921 the Thaumaturge (DjFE)               Turns: 18393, Time: 01:23:03

Health: -17/71     AC:  8    Str: 16    XL:     12   Next: 25%
Gold:   877        EV: 13    Int: 27    God:    Gozag SH: 15 Dex: 22

rFire   + + +      SeeInvis +   Z - +10 war axe of the Warrior-Mage {chaos, *Rage *Slow Str+9 Int+4}
rCold   x . .      Faith    .   I - +0 kite shield
rNeg    . . .      Spirit   .   T - +1 robe of Cytoenum {rPois Dex+3}
rPois   ∞          Reflect  .   u - +2 helmet {SInv}
rElec   .          Harm     .   X - +1 cloak
rCorr   .          Rampage  .   (no gloves)
Will    +....      Rage     20% (boots unavailable)
Stlth   +++.......              J - amulet of regeneration
HPRegen 1.01/turn               W - +6 ring of dexterity
MPRegen 0.00/turn               m - ring of protection from fire

@: forested, flying
A: sickness immunity, fire resistance 2, cold vulnerability 1, float, innate
caster, HP casting, extra vitality 1, large bone plates 1, passive freeze
a: Renounce Religion, Potion Petition, Call Merchant, Bribe Branch


You were on level 10 of the Dungeon.
You worshipped Gozag.
Gozag was pleased with you.
You visited 2 branches of the dungeon, and saw 11 of its levels.
You also visited: Sewer.

You collected 1580 gold pieces.
You spent 644 gold pieces at shops.
You paid 59 gold pieces to Gozag.

Inventory:

Hand Weapons
 d - a +2 dagger of venom
 l - a +3 scimitar of flaming
 P - a +1 spear of venom
 Z - the +10 war axe of the Warrior-Mage (weapon) {chaos, *Rage *Slow Str+9 Int+4}
   (You found it on level 8 of the Dungeon)

   Each time it hits an enemy it has a different, random effect.
   Str:       It affects your strength (+9).
   Int:       It affects your intelligence (+4).
   *Rage:     It berserks you when you make melee attacks (+20% chance).
   *Slow:     It may slow you when you take damage.
Missiles
 c - 110 stones
 o - 13 poisoned darts
 q - 2 javelins
 A - 2 throwing nets
Armour
 j - a +0 ring mail
 u - a +2 helmet of see invisible (worn)
 I - a +0 kite shield (worn)
 T - the +1 robe of Cytoenum (worn) {rPois Dex+3}
   (You found it on level 9 of the Dungeon)

   Dex:       It affects your dexterity (+3).
   rPois:     It protects you from poison.
 X - a +1 cloak (worn)
Jewellery
 f - a ring of protection from cold
 m - a ring of protection from fire (right hand)
 J - an amulet of regeneration (around neck)
 L - a ring of see invisible
 M - an amulet of the acrobat
 N - a +4 ring of evasion
 W - a +6 ring of dexterity (left hand)
Wands
 r - a wand of paralysis (7)
 v - a wand of roots (11)
 G - a wand of flame (11)
 K - a wand of mindburst (17) (quivered)
 Q - a wand of digging (3)
Scrolls
 a - a scroll of blinking
 b - 5 scrolls of fear {unknown}
 n - 4 scrolls of brand weapon {unknown}
 p - 2 scrolls of butterflies
 s - 7 scrolls of teleportation
 t - a scroll of poison {unknown}
 w - 4 scrolls of identify
 x - 2 scrolls of enchant weapon
 y - 2 scrolls of noise
 B - 2 scrolls of immolation
 F - 3 scrolls of summoning {unknown}
 O - a scroll of silence
 S - a scroll of magic mapping {unknown}
 V - a scroll of enchant armour {unknown}
Potions
 e - 5 potions of curing
 g - a potion of attraction
 h - 3 potions of ambrosia {unknown}
 i - 3 potions of mutation
 k - 3 potions of lignification
 z - 2 potions of might
 C - 2 potions of heal wounds
 D - a potion of haste
 H - 8 potions of brilliance
 R - a potion of resistance {unknown}
 U - 2 potions of invisibility
Miscellaneous
 E - a phial of floods
 Y - a phantom mirror


   Skills:
 + Level 0.9 Fighting
 + Level 0.6 Axes
 + Level 4.0 Armour
 + Level 3.7 Dodging
 + Level 3.5 Stealth
 * Level 5.8 Shields
 * Level 13.0 Spellcasting
 + Level 1.3 Evocations


You had 9 spell levels left.
You knew the following spells:

 Your Spells              Type           Power      Damage    Failure   Level
a - Foxfire               Conj/Fire      100%       2x1d9     1%          1
b - Scorch                Fire           100%       2d10      1%          2
c - Conjure Flame         Conj/Fire      73%        6-21      1%          3
d - Inner Flame           Hex/Fire       73%        N/A       1%          3
e - Flame Wave            Conj/Fire      73%        2d16      1%          4
f - Freeze                Ice            100%       1d11      1%          1
g - Call Imp              Summ           73%        N/A       1%          2
h - Tukima's Dance        Hex            73%        N/A       1%          3
i - Dispel Undead         Necr           73%        3d24      1%          4
j - Summon Forest         Summ/Tloc      36%        N/A       1%          5
Your spell library was empty.

Dungeon Overview and Level Annotations

Branches:
Dungeon (10/15)            Temple (1/1) D:5           Sewer (visited)
   Lair: D:8-11         Orc: D:9-12

Altars:
Ashenzari
Cheibriados
Dithmenos
Elyvilon
Fedhas
Gozag
Hepliaklqana
Makhleb
Nemelex Xobeh
Okawaru
Qazlal
Ru
Trog
Uskayaw
Wu Jian
Xom
Yredelemnul
Zin
The Shining One

Shops:
D:3 ?   D:9 !

Annotations:
D:10 Jase's ghost, journeyman PaWr


Innate Abilities, Weirdness & Mutations

You are immune to sickness and miasma.
You are immune to poison.
Your flesh is very heat resistant. (rF++)
You are vulnerable to cold. (rC-)
You float through the air rather than walking.
You learn spells naturally, not from books.
Your magical power is your life essence.
You have superior vitality. (+4 MHP)
You are partially covered in large bone plates. (SH +4)
A frigid envelope surrounds you and freezes all who hurt you.


Message History

The fire begins to smoulder!
The fire ignites!
You reach down and open the gate.
You block the spectral meliai's attack.
The spectral meliai completely misses you.
Casting: Conjure Flame (safe; 1% risk of failure)
Confirm with . or Enter, or press ? or * to list all spells.
Aiming: Inner Flame (safe; 1% risk of failure)
Press: ? - help, Dir - move target, f - centaur warrior zombie
Aim: a centaur warrior zombie (chance to affect: 99%)
Okay, then.
Unknown command.
Casting: Inner Flame (safe; 1% risk of failure)
Confirm with . or Enter, or press ? or * to list all spells.
A forested plane collides here with a resounding crunch!
Your dryad calls out to the forest.
The forest starts to sway and rumble!
You block the spectral meliai's attack. x2
Jase's ghost casts a spell.
Jase's ghost blinks!
You block the spectral meliai's attack. The spectral meliai hits you.
The spectral meliai resists.
The spectral meliai is very cold.
The spectral meliai is lightly damaged.
You swap places.
A tree reaches out and hits the centaur warrior zombie!
The centaur warrior simulacrum is engulfed in blazing flames.
The centaur warrior simulacrum barely misses you.
You block the centaur warrior simulacrum's attack.
The spectral meliai hits your dryad. The spectral meliai hits your dryad!
The centaur warrior simulacrum is engulfed in blazing flames.
The centaur warrior simulacrum hits you.
The centaur warrior simulacrum freezes you!!!
You feel a terrible chill!
Ouch! That really hurt!
The centaur warrior simulacrum completely resists.
The centaur warrior simulacrum kicks you.
* * * LOW HITPOINT WARNING * * *
The centaur warrior simulacrum freezes you!!!
You feel a terrible chill!
Ouch! That really hurt!
You die...
Your body crumbles into a pile of gold.

.#.....### # .#.##....# ##♣ ###
.#.####.#####♣##♣.♣♣ #.. .#.#
##♣.#♣♣.#....# ##. ##.#
#.....♣....♣ ##.. ...#
#♣!...'♣...♣# ##... #..#
#♣$..§ZZ....## ##.... ##.#
#♣?...ZZ.....♣### ##..... ...#
♣.W..Z#R@♣......###...... ##.#
#.♣.♣Z♣..♣####........... .#.#
#######♣♣# ###......>.. ...#
#......... ##.# #......... .#.#
##...)..... .#.#
###########.......... .#.#
#####.........#..........
.#.######........................


You could see 2 spectral centaur warriors, a spectral meliai, Jase's ghost, 2
centaur warrior simulacra, a centaur warrior zombie and a friendly dryad
(summoned).

Vanquished Creatures
  A hydra (D:8)
  A two-headed ogre (D:8)
  An ugly thing (D:10)
  A deep elf pyromancer (D:10)
  A manticore (D:8)
  Maurice (D:8)
  Joseph (D:8)
  A troll (D:10)
  A tarantella (shapeshifter) (D:8)
  Grinder (D:5)
  A slime creature (D:10)
  Sigmund (D:3)
  2 shadows
  A wyvern (D:9)
  14 yaks (D:10)
  The ghost of Tollund the Chopper, an amateur HOMo (D:4)
  Grum (D:8)
  A steam dragon (D:9)
  Duvessa (D:5)
  2 water moccasins
  2 ice beasts
  2 black bears
  A sky beast (D:6)
  4 wolves (D:8)
  A phantom (D:6)
  A kobold brigand (D:8)
  8 bullfrogs
  A necrophage (D:8)
  A scorpion (D:4)
  5 wights (D:8)
  Dowan (D:5)
  A killer bee (D:10)
  5 howler monkeys
  A jelly (D:6)
  4 quasits (D:4)
  2 gnoll boudas
  2 orc priests
  2 hounds
  Ijyb (D:5)
  2 iguanas
  3 orc wizards
  6 adders
  14 gnolls
  2 white imps
  3 dart slugs
  15 orcs
  2 bats
  6 endoplasms
  11 giant cockroaches
  7 goblins
  4 hobgoblins
  2 jackals (D:4)
  12 kobolds
  15 quokkas
  7 ball pythons
  6 frilled lizards
  A rat (D:2)
  2 bushes (D:2)
200 creatures vanquished.

Vanquished Creatures (collateral kills)
  A rakshasa (D:10)
  A hydra (D:10)
  A boulder beetle (D:10)
  2 ugly things (D:10)
  An efreet (D:9)
  An orc wizard (D:10)
7 creatures vanquished.

Vanquished Creatures (others)
  A dancing weapon (D:8)
  366 foxfires
  22 plants
  A snaplasher vine (D:10)
390 creatures vanquished.

Grand Total: 597 creatures vanquished

Notes
Turn   | Place    | Note
-------+----------+-------------------------------------------
     0 | D:1      | unlimited1921 the Djinni Fire Elementalist began the quest
                  | for the Orb.
     0 | D:1      | unlimited1921 set off with the following spells memorised:
                  | Foxfire, Scorch, Conjure Flame, Inner Flame, Flame Wave.
     0 | D:1      | Reached XP level 1. HP: 15/15 MP: 0/0
   606 | D:1      | Reached XP level 2. HP: 12/21 MP: 0/0
  1977 | D:1      | Found a faded altar of an unknown god.
  2111 | D:2      | Reached skill level 3 in Spellcasting
  2111 | D:2      | Reached XP level 3. HP: 20/25 MP: 0/0
  2111 | D:2      | Learned a level 1 spell: Freeze
  2289 | D:2      | Identified the ring of Ivaast {Fire rPois Will++ Slay+2
                  | Stlth-}
  3522 | D:2      | Reached XP level 4. HP: 25/31 MP: 0/0
  4414 | D:3      | Noticed Sigmund
  4418 | D:3      | Killed Sigmund
  4419 | D:3      | Reached skill level 4 in Spellcasting
  4419 | D:3      | Reached XP level 5. HP: 19/35 MP: 0/0
  4419 | D:3      | Learned a level 2 spell: Call Imp
  4419 | D:3      | Reached XP level 6. HP: 21/40 MP: 0/0
  4575 | D:3      | Found Fyrruiwn's Magic Scroll Boutique.
  4583 | D:3      | Bought a scroll of identify for 28 gold pieces
  4583 | D:3      | Bought a scroll of noise for 14 gold pieces
  4583 | D:3      | Bought a scroll of teleportation for 42 gold pieces
  5989 | D:3      | Found a glowing golden altar of the Shining One.
  6750 | D:4      | Noticed Tollund's ghost (amateur HOMo)
  6793 | D:4      | Found a transporter.
  6823 | D:4      | Found a transporter.
  6977 | D:4      | Found a glowing drain.
  7037 | Sewer    | Entered a sewer
  7352 | Sewer    | Reached XP level 7. HP: 39/45 MP: 0/0
  7352 | Sewer    | Learned a level 3 spell: Tukima's Dance
  7384 | Sewer    | Reached skill level 5 in Spellcasting
  8760 | D:5      | Entered Level 5 of the Dungeon
  8802 | D:5      | Found a staircase to the Ecumenical Temple.
  8837 | D:5      | Reached skill level 1 in Armour
  8978 | Temple   | Entered the Ecumenical Temple
  9278 | Temple   | Became a worshipper of Gozag Ym Sagoz the Greedy
  9323 | D:5      | Noticed Ijyb
  9326 | D:5      | Killed Ijyb
  9703 | D:5      | Noticed Duvessa
  9703 | D:5      | Noticed Dowan
  9708 | D:5      | Killed Duvessa
  9726 | D:5      | Reached skill level 6 in Spellcasting
  9726 | D:5      | Reached XP level 8. HP: 44/50 MP: 0/0
  9845 | D:5      | Killed Dowan
 10113 | D:5      | Noticed Grinder
 10119 | D:5      | Killed Grinder
 10812 | D:6      | Found a glowing silver altar of Zin.
 10941 | D:6      | Reached skill level 7 in Spellcasting
 10977 | D:6      | Reached XP level 9. HP: 44/55 MP: 0/0
 10977 | D:6      | Learned a level 4 spell: Dispel Undead
 13293 | D:8      | Noticed Grum
 13349 | D:8      | Noticed a two-headed ogre
 13356 | D:8      | Killed a two-headed ogre
 13357 | D:8      | Reached skill level 8 in Spellcasting
 13466 | D:8      | Reached skill level 9 in Spellcasting
 13466 | D:8      | Reached XP level 10. HP: 47/61 MP: 0/0
 13476 | D:8      | Killed Grum
 13954 | D:8      | Noticed Joseph
 13968 | D:8      | Killed Joseph
 14016 | D:8      | Found a stormy altar of Qazlal.
 14030 | D:8      | Reached skill level 10 in Spellcasting
 14429 | D:9      | Found a burning altar of Makhleb.
 15228 | D:9      | Identified the +1 robe of Cytoenum {rPois Dex+3}
 15340 | D:9      | Found Imushom's Distillery.
 15348 | D:9      | Bought a potion of curing for 42 gold pieces
 15348 | D:9      | Bought a potion of heal wounds for 70 gold pieces
 15348 | D:9      | Bought a potion of degeneration for 14 gold pieces
 15348 | D:9      | Bought a potion of mutation for 112 gold pieces
 15348 | D:9      | Bought a potion of brilliance for 56 gold pieces
 15348 | D:9      | Bought 2 potions of invisibility for 224 gold pieces
 15351 | D:9      | Gained mutation: You are dopey. (Int -2) [potion of
                  | mutation]
 15352 | D:9      | Lost mutation: You are dopey. (Int -2) [potion of mutation]
 15352 | D:9      | Gained mutation: You expend health (3 HP) to strengthen
                  | your wands. [potion of mutation]
 15353 | D:9      | Lost mutation: You expend health (3 HP) to strengthen your
                  | wands. [potion of mutation]
 15353 | D:9      | Gained mutation: You occasionally lose the ability to read
                  | scrolls when taking damage. [potion of mutation]
 15353 | D:9      | Gained mutation: You do not regenerate when monsters are
                  | visible. [potion of mutation]
 15353 | D:9      | Gained mutation: Your spells are a little harder to cast,
                  | but a little more powerful. [potion of mutation]
 15354 | D:9      | Lost mutation: You occasionally lose the ability to read
                  | scrolls when taking damage. [potion of mutation]
 15354 | D:9      | Lost mutation: You do not regenerate when monsters are
                  | visible. [potion of mutation]
 15354 | D:9      | Gained mutation: You occasionally lose the ability to drink
                  | potions when taking damage. [potion of mutation]
 15354 | D:9      | Gained mutation: You are partially covered in large bone
                  | plates. (SH +4) [potion of mutation]
 15354 | D:9      | Gained mutation: You are agile. (Dex +4, Str/Int -1)
                  | [potion of mutation]
 15355 | D:9      | Lost mutation: You occasionally lose the ability to drink
                  | potions when taking damage. [potion of mutation]
 15355 | D:9      | Lost mutation: Your spells are a little harder to cast, but
                  | a little more powerful. [potion of mutation]
 15355 | D:9      | Lost mutation: You are agile. (Dex +4, Str/Int -1) [potion
                  | of mutation]
 15355 | D:9      | Gained mutation: A frigid envelope surrounds you and
                  | freezes all who hurt you. [potion of mutation]
 15358 | D:9      | Bought a potion of flight for 42 gold pieces
 15553 | D:9      | Found a basalt altar of Yredelemnul.
 15789 | D:4      | Killed Tollund's ghost
 16144 | D:8      | Noticed an efreet
 16152 | D:8      | Noticed a manticore
 16153 | D:8      | Noticed a four-headed hydra
 16161 | D:8      | Killed a four-headed hydra
 16162 | D:8      | Reached skill level 11 in Spellcasting
 16162 | D:8      | Reached XP level 11. HP: 50/66 MP: 0/0
 16162 | D:8      | Learned a level 5 spell: Summon Forest
 16163 | D:8      | Noticed Maurice
 16171 | D:9      | Reached skill level 1 in Evocations
 16200 | D:8      | Killed Maurice
 16293 | D:8      | Killed a manticore
 16366 | D:8      | Identified the +10 war axe of the Warrior-Mage {chaos,
                  | *Rage *Slow Str+9 Int+4}
 16800 | D:10     | Entered Level 10 of the Dungeon
 16810 | D:10     | Noticed an eight-headed hydra
 16815 | D:10     | Killed an eight-headed hydra
 16816 | D:10     | Reached skill level 5 in Shields
 17093 | D:10     | Noticed a rakshasa
 17093 | D:10     | Noticed a boulder beetle
 17093 | D:10     | Noticed a green ugly thing
 17102 | D:10     | Killed a green ugly thing
 17103 | D:10     | Reached skill level 12 in Spellcasting
 17128 | D:10     | Killed a rakshasa
 17136 | D:10     | Killed a boulder beetle
 17322 | D:10     | Noticed a brown ugly thing
 17421 | D:10     | Killed a brown ugly thing
 17748 | D:10     | Found a runed translucent gate.
 17748 | D:10     | Found a runed translucent gate.
 17748 | D:10     | Found a runed translucent gate.
 17754 | D:10     | Noticed Jase's ghost (journeyman PaWr)
 17818 | D:10     | Noticed a deep elf pyromancer
 17819 | D:10     | Noticed a brown ugly thing
 17852 | D:10     | Killed a brown ugly thing
 17853 | D:10     | Reached XP level 12. HP: 64/71 MP: 0/0
 18100 | D:10     | Reached skill level 13 in Spellcasting
 18217 | D:10     | Found a broken altar of Ashenzari.
 18218 | D:10     | Found a shadowy altar of Dithmenos.
 18219 | D:10     | Found a hazy altar of Hepliaklqana.
 18393 | D:10     | Demolished by a centaur warrior simulacrum

Illustrated notes

Levels and vault maps discovered:
D:1:      dpeg_arrival_arbitrary_a, layout_basic,
          shapermc_ecumenical_altar_mp_highgroup
D:2:      layout_loops_cross, serial_forest, infiniplex_forest_corner_2,
          infiniplex_forest_join, infiniplex_forest_straight_4,
          infiniplex_forest_end_3, infiniplex_forest_clump_curved,
          infiniplex_forest_end_3
D:3:      layout_loops_ring, mainiacjoe_overflow_small_starburst,
          serial_co_window_serial, co_window_paths_a, co_window_paths_a,
          co_window_of_opportunity_a, co_window_paths_b, co_window_paths_a,
          co_window_2corner, co_window_of_opportunity_c, co_window_broadway_b,
          co_window_corner_cb, co_window_sun, co_window_4corner_b,
          glass_columns_c, glass_columns_a, glass_columns_a, glass_columns_a,
          glass_columns_a, serial_shops, shop, uniq_sigmund
D:4:      layout_loops_ring, gammafunk_ghost_stat_death, portal_sewer_entry_f
D:5:      layout_loops_ring, mainiacjoe_overflow_chevrons,
          minmay_temple_entry_wispy, uniq_duvessa, uniq_ijyb, uniq_grinder
D:6:      layout_basic, mainiacjoe_overflow_brackets
D:7:      layout_basic
D:8:      cheibrodos_elevator_heist, layout_rooms, grunt_qazlal_clouds,
          chequers_ossuary_entry_cave, minmay_diced_spiral, uniq_grum,
          uniq_maurice, uniq_joseph
D:9:      layout_layer_cave, mainiacjoe_overflow_tiny_flanked,
          mainiacjoe_overflow_alcove_1, serial_shops, nicolae_shop_behind_doors
D:10:     layout_cave_pods, gammafunk_temple_overflow_claw,
          gammafunk_ghost_necromancy, minmay_shattered_shrine
Temple:   compressed_dpeg_triangle_lava_temple

Skill      XL: |  1  2  3  4  5  6  7  8  9 10 11 12 |
---------------+-------------------------------------+-----
Spellcasting   | 3 4 6 7 9 11 12 13 | 13.0
Stealth        | 2 3 |  3.5
Armour         | 1 3 4 |  4.0
Shields        | 2 3 4 5 |  5.8
Dodging        | 3 |  3.7
Evocations     | 1 |  1.3
Fighting       | |  0.9
Axes           | |  0.6

Action                   |  1- 3 |  4- 6 |  7- 9 | 10-12 || total
-------------------------+-------+-------+-------+-------++-------
Melee: Dagger            |   119 |   101 |       |     8 ||   228
       Punch             |     3 |     1 |       |       ||     4
       War axe           |       |       |       |    32 ||    32
 Cast: Foxfire           |    21 |    26 |    96 |    88 ||   231
       Scorch            |     9 |    27 |    43 |    34 ||   113
       Inner Flame       |       |     7 |    42 |    54 ||   103
       Conjure Flame     |       |     1 |       |     5 ||     6
       Tukima's Dance    |       |       |     2 |     5 ||     7
       Call Imp          |       |       |       |    11 ||    11
       Summon Forest     |       |       |       |     7 ||     7
       Flame Wave        |       |       |       |     1 ||     1
Evoke: Phial of floods   |       |       |     1 |       ||     1
       Wand              |       |       |       |     7 ||     7
  Use: Scroll            |       |     3 |     3 |     5 ||    11
       Potion            |       |       |       |     9 ||     9
 Stab: Sleeping          |     3 |     1 |       |       ||     4
Armor: Robe              |     8 |       |       |    13 ||    21
       Leather armour    |       |       |     2 |     3 ||     5
Dodge: Dodged            |     7 |     3 |    11 |    24 ||    45
Block: Kite shield       |       |       |     1 |    40 ||    41
